 Dungeon Sprint DCSS version 0.31-a0-960-g0fca184906 (webtiles) character file.

Game seed: 17123730924363685266

81 sircluck the Ruffian (level 4, 0/73 HPs)
             Began as a Troll Berserker on Oct 24, 2023.
             Was a Follower of Trog.
             Slain by a dream sheep (4 damage)
             ... in the Dungeon (Sprint VII: "The Pits").
             The game lasted 00:00:15 (20 turns).

sircluck the Ruffian (Troll Berserker)                Turns: 20, Time: 00:00:16

Health: 0/73       AC:  4    Str: 27    XL:     4   Next: 19%
Magic:  3/3        EV: 10    Int:  3    God:    Trog [*.....]
Gold:   0          SH:  0    Dex:  9    Spells: 3/3 levels left

rFire   . .          .
                       - Unarmed
rCold   . . .        (no shield)
rNeg    . . .        a - +0 animal skin
rPois   .            (helmet restricted)
rElec   .            (no cloak)
rCorr   .            (gloves unavailable)
SInv    .            (boots unavailable)
Will    .....        (no amulet) Stlth
                     (no ring)
HPRegen 1.12/turn    (no ring)
MPRegen 0.08/turn

%: no teleportation
@: berserking, lethally poisoned (0 -> -3), very quick
A: large, unfitting armour, claws 3, regeneration 1, shaggy fur 1, tough skin 1
a: Renounce Religion, Berserk


You were in the Dungeon.
You worshipped Trog.
Trog was aware of your devotion.
You visited 1 branch

Inventory:

Armour
 a - a +0 animal skin (worn)
Scrolls
 g - a scroll of blinking
Potions
 b - a potion of curing
 c - a potion of heal wounds
 d - a potion of haste
 e - 2 potions of magic
 f - a potion of berserk rage


   Skills:
 + Level 4.6 Fighting
 + Level 4.6 Dodging
 + Level 5.6 Unarmed Combat


You had 3 spell levels left.
You didn't know any spells.
Your spell library was empty.

Dungeon Overview and Level Annotations

Branches:
Dungeon (1/1)

Altars:


Innate Abilities, Weirdness & Mutations

You are too large for most types of armour.
You have claws for hands.
Your natural rate of healing is unusually fast.
You are covered in fur. (AC +1)
You have tough skin. (AC +1)


Message History

* * * LOW HITPOINT WARNING * * *
You are lethally poisoned!
The killer bee poisons you!
You claw the killer bee!
You kill the killer bee!
Trog accepts your kill.
* * * LOW HITPOINT WARNING * * *
You feel very sick. The killer bee barely misses you.
Your Fighting skill gained 2 levels and is now at level 4!
Your Dodging skill gained 2 levels and is now at level 4!
Your Unarmed Combat skill increases to level 4!
You have reached level 2!
You have reached level 3!
Your experience leads to an increase in your attributes!
Increase (S)trength, (I)ntelligence, or (D)exterity?
You feel stronger. x3
Unknown command.
Unknown command.
Unknown command.
Unknown command.
Unknown command.
You mangle the killer bee!!
You kill the killer bee!
Trog accepts your kill.
* * * LOW HITPOINT WARNING * * *
You feel very sick.
Your Unarmed Combat skill increases to level 5!
You have reached level 4!
Unknown command.
Unknown command.
Unknown command.
Unknown command.
Unknown command.
Unknown command.
You barely miss the dream sheep.
You feel sick.
You closely miss the dream sheep.
* * * LOW HITPOINT WARNING * * *
You feel sick. The dream sheep bites you.
You die...

##########++######
#................#
#......#..#......#
#................+
+................+
#......#..#......#
#.........@......#
####'#####YY######
#.......##y'#
#.......##YY.
#.......##....
#...<...##.....
#.......##...###
#.......##..##
#.......#


You could see 4 dream sheep and a killer bee.

Vanquished Creatures
  2 killer bees (D)
2 creatures vanquished.

Notes
Turn   | Place    | Note
-------+----------+-------------------------------------------
     0 | D        | sircluck the Troll Berserker began the quest for the Orb.
     0 | D        | Reached XP level 1. HP: 22/22 MP: 0/0
    11 | D        | Noticed a dream sheep
    11 | D        | Noticed a dream sheep
    11 | D        | Noticed a dream sheep
    11 | D        | Noticed a dream sheep
    11 | D        | Noticed a killer bee
    11 | D        | Noticed a killer bee
    11 | D        | Noticed a killer bee
    17 | D        | Killed a killer bee
    18 | D        | Reached skill level 4 in Unarmed Combat
    18 | D        | Reached XP level 2. HP: 5/32 MP: 1/1
    18 | D        | Reached XP level 3. HP: 7/39 MP: 2/2
    18 | D        | Killed a killer bee
    19 | D        | Reached skill level 5 in Unarmed Combat
    19 | D        | Reached XP level 4. HP: 6/49 MP: 3/3
    20 | D        | Slain by a dream sheep

Illustrated notes

Levels and vault maps discovered:
D:        pitsprint [storerooms_1, entrance_room_1, metal_vault_4, armoury_3,
          mini_pit_1, grid_room_1, main_hall_1, silver_pit, the_coven_1,
          the_vestibule_1, steel_vault_3, golden_pit, hallway_of_sentries,
          crystal_vault_5, iron_vault_1, final_vault]

Skill      XL: |  1  2  3 |
---------------+----------+-----
Fighting       | 4 |  4.6
Dodging        | 4 |  4.6
Unarmed Combat | 4 5 |  5.6

Action                     |  1- 3 |  4- 6 || total
---------------------------+-------+-------++-------
  Melee: Unarmed           |     6 |     2 ||     8
 Invoke: Berserk           |     1 |       ||     1
 Armour: Animal skin       |     6 |     1 ||     7
  Dodge: Dodged            |     3 |       ||     3

Table legend: (Time is in decaauts)
 A = Elapsed time spent in this place.
 B = Non-inter-level travel time spent in this place.
 C = Inter-level travel time spent in this place.
 D = Time resting spent in this place.
 E = Time spent auto-exploring this place.
 F = Levels seen in this place.
 G = Mean time per level.
                   A        B        C        D        E       F      G
               +--------+--------+--------+--------+--------+-----+--------+
         Total |     17 |     17 |      0 |      0 |     11 |   1 |   17.0 |
       Dungeon |     17 |     17 |      0 |      0 |     11 |   1 |   17.0 |
               +--------+--------+--------+--------+--------+-----+--------+

Top non-repeatable levels by time:
       D: 17 daAuts
